 Dungeon Crawl Stone Soup version 0.28-a0-1447-ga5a8893891 (webtiles) character file.

Game seed: 3070040961294261690

951 HallandMoats the Skirmisher (level 7, 0/56 HPs)
             Began as a Demonspawn Fighter on Jan 11, 2022.
             Slain by an ogre (22 damage)
             ... on level 5 of the Dungeon.
             The game lasted 00:04:34 (4278 turns).

HallandMoats the Skirmisher (Demonspawn Fighter)    Turns: 4278, Time: 00:04:34

Health: 0/56       AC:  8    Str: 18    XL:     7   Next: 90%
Magic:  7/7        EV: 10    Int:  9    God:
Gold:   255        SH:  7    Dex: 15    Spells: 6/6 levels left

rFire   + . .      SeeInvis .   b - +1 spear (venom)
rCold   + . .      Faith    .   o - +2 buckler {rF+}
rNeg    + . .      Spirit   .   m - +0 scale mail
rPois   .          Reflect  .   g - +0 helmet
rElec   .          Harm     .   (no cloak)
rCorr   .          Rampage  .   (no gloves)
Will    .....                   (no boots)
Stlth   ++........              (no amulet)
HPRegen 0.18/turn               k - ring of positive energy
MPRegen 0.10/turn               l - ring of protection from cold

@: no status effects
A: hooves 2, thin skeletal structure 1, powered by death 1
a: no special abilities


You were on level 5 of the Dungeon.
You visited 2 branches of the dungeon, and saw 6 of its levels.

You collected 255 gold pieces.

Inventory:

Hand Weapons
 a - a +0 war axe
 b - a +1 spear of venom (weapon)
Missiles
 c - a throwing net (quivered)
Armour
 g - a +0 helmet (worn)
 m - a +0 scale mail (worn)
 o - a +2 buckler of fire resistance (worn)
Jewellery
 k - a ring of positive energy (left hand)
 l - a ring of protection from cold (right hand)
Wands
 i - a wand of iceblast (19)
Scrolls
 e - 4 scrolls of noise {unknown}
 h - 2 scrolls of identify {unknown}
Potions
 d - a potion of heal wounds {unknown}
 f - a potion of lignification {unknown}
 j - 2 potions of mutation {unknown}
 n - a potion of might


   Skills:
 * Level 5.2 Fighting
 * Level 4.3 Axes
 + Level 3.8 Armour
 + Level 2.3 Dodging
 * Level 3.6 Stealth
 + Level 3.9 Shields
 + Level 1.2 Invocations


You had 6 spell levels left.
You didn't know any spells.
Your spell library contained the following spells:

 Spells                   Type           Power      Damage    Failure   Level
 Beastly Appendage        Tmut           0%         N/A       86%         1
 Wereblood                Tmut           0%         N/A       94%         2
 Conjure Flame            Conj/Fire      0%         6-21      99%         3
 Ignite Poison            Fire/Tmut/Pois 0%         N/A       99%         3
 Spider Form              Tmut/Pois      0%         N/A       99%         3
 Sticky Flame             Conj/Fire      0%         2d3       100%        4
 Alistair's Intoxication  Tmut/Pois      0%         N/A       100%        5
 Borgnjor's Vile Clutch   Necr/Erth      0%         N/A       100%        5
 Eringya's Noxious Bog    Tmut/Pois      0%         N/A       100%        6


Dungeon Overview and Level Annotations

Branches:
Dungeon (5/15)             Temple (1/1) D:5

Altars:
Ashenzari
Cheibriados
Hepliaklqana
Kikubaaqudgha
Qazlal
Xom
Yredelemnul
Zin
Lugonu


Innate Abilities, Weirdness & Mutations

You have hoof-like feet.
You have a somewhat thin skeletal structure. (Dex +2, Stealth+)
You regenerate a little health from kills.


Message History

The sky beast hits you but does no damage.
There are monsters nearby!
You closely miss the sky beast. The sky beast hits you.
The sky beast shocks you. The ogre misses you.
You closely miss the sky beast.
You kick the sky beast, but do no damage.
The sky beast hits you but does no damage.
You hit the sky beast.
The sky beast is poisoned.
You kick the sky beast, but do no damage.
The sky beast is lightly wounded.
The sky beast hits you but does no damage.
You hit the sky beast.
The sky beast looks as sick as possible!
The sky beast is moderately wounded.
The sky beast closely misses you.
You closely miss the sky beast.
The sky beast is moderately wounded.
The sky beast hits you. The sky beast shocks you.
You hit the sky beast.
The sky beast is severely wounded.
The sky beast hits you. The sky beast shocks you.
You hit the sky beast.
The sky beast looks as sick as possible!
You kick the sky beast.
The sky beast is almost dead.
You kill the sky beast!
Your Invocations skill increases to level 1!
You reach to attack!
You hit the ogre.
The ogre is poisoned.
The ogre is lightly wounded.
You hit the ogre. You kick the ogre!
The ogre is severely wounded.
The ogre hits you but does no damage.
You barely miss the ogre.
The ogre is severely wounded.
The ogre hits you with a +0 giant club!
You see here a +0 hand axe.
You are too injured to fight recklessly!
The ogre hits you with a +0 giant club!!
You die...

....#.# #.##..####...#####
..<...## #. #.## ##.####
.......#####....####<....##
...#.#.................#..#
...[.........####....#.##>######
....)....###.###..####.........#
.....###.........# ###.......#
.....##.........########.(.....#
................@......#.......#
..#..###.........O......########
.........................#
.#.#.###.................#
......##..#..<...........#
#.#.#.....#..............#
......#...#..............#
#.>.#...#.##)...........##
......#...##...........##


You could see an ogre (poisoned).

Vanquished Creatures
  Sigmund (D:2)
  A sky beast (D:5)
  A necrophage (D:4)
  An ogre (D:5)
  2 scorpions
  A centaur zombie (D:4)
  A hound (D:5)
  2 jellies (D:4)
  An orc priest (D:3)
  An iguana (D:5)
  Ijyb (D:4)
  Terence (D:3)
  Robin (D:2)
  3 gnolls
  3 adders
  3 worms
  3 dart slugs
  3 orcs (D:3)
  6 bats
  5 endoplasms
  3 giant cockroaches
  10 hobgoblins
  3 jackals (D:2)
  3 quokkas
  7 ball pythons
  6 frilled lizards
  20 goblins
  9 kobolds
  5 rats
107 creatures vanquished.

Vanquished Creatures (others)
  5 plants (D:2)
  9 withered plants (D:2)
14 creatures vanquished.

Grand Total: 121 creatures vanquished

Notes
Turn   | Place    | Note
-------+----------+-------------------------------------------
     0 | D:1      | HallandMoats the Demonspawn Fighter began the quest for the
                  | Orb.
     0 | D:1      | Reached XP level 1. HP: 18/18 MP: 1/1
   286 | D:1      | Gained mutation: You have a somewhat thin skeletal
                  | structure. (Dex +2, Stealth+) [demonic ancestry]
   286 | D:1      | Reached XP level 2. HP: 21/24 MP: 2/2
   959 | D:2      | Gained mutation: You have large cloven feet. [demonic
                  | ancestry]
   959 | D:2      | Reached XP level 3. HP: 28/29 MP: 3/3
   959 | D:2      | Noticed Robin
   970 | D:2      | Killed Robin
  1464 | D:2      | Reached XP level 4. HP: 36/36 MP: 4/4
  1524 | D:2      | Found a shimmering altar of Xom.
  1531 | D:2      | Noticed Sigmund
  1543 | D:2      | Killed Sigmund
  1544 | D:2      | Reached skill level 4 in Fighting
  1544 | D:2      | Reached skill level 1 in Dodging
  1544 | D:2      | Reached skill level 1 in Stealth
  1544 | D:2      | Gained mutation: You regenerate a little health from kills.
                  | [demonic ancestry]
  1544 | D:2      | Reached XP level 5. HP: 10/42 MP: 5/5
  1910 | D:2      | Found a faded altar of an unknown god.
  2123 | D:3      | Reached XP level 6. HP: 46/48 MP: 6/6
  2391 | D:3      | Noticed Terence
  2402 | D:3      | Killed Terence
  3487 | D:4      | Noticed Ijyb
  3500 | D:4      | Killed Ijyb
  3526 | D:4      | Gained mutation: You have hoof-like feet. [demonic
                  | ancestry]
  3526 | D:4      | Reached XP level 7. HP: 45/55 MP: 7/7
  4009 | D:5      | Entered Level 5 of the Dungeon
  4018 | D:5      | Reached skill level 5 in Fighting
  4021 | D:5      | Found a staircase to the Ecumenical Temple.
  4051 | Temple   | Entered the Ecumenical Temple
  4263 | D:5      | Reached skill level 1 in Invocations
  4278 | D:5      | Slain by an ogre

Illustrated notes

Levels and vault maps discovered:
D:1:      nagdon_arrival_double_spiral, layout_basic
D:2:      layout_loops_ring, shapermc_ecumenical_altar_flowoftime, basic_altar,
          uniq_robin, uniq_sigmund
D:3:      layout_loops_ring, feat_on_display, uniq_terence
D:4:      layout_cave_pools, uniq_ijyb
D:5:      layout_rooms, minmay_temple_entry_sparse_star, minivault_25
Temple:   corrupted_temple

Skill      XL: |  1  2  3  4  5  6  7 |
---------------+----------------------+-----
Axes           | 2 3 4 |  4.3
Shields        | 3 |  3.9
Fighting       | 4 5 |  5.2
Armour         | 3 |  3.8
Dodging        | 1 2 |  2.3
Stealth        | 1 2 3 |  3.6
Invocations    | 1 |  1.2

Action                   |  1- 3 |  4- 6 |  7- 9 || total
-------------------------+-------+-------+-------++-------
Melee: War axe           |   104 |    99 |       ||   203
       Kick              |     9 |    33 |    23 ||    65
       Spear             |       |    39 |    48 ||    87
  Use: Potion            |       |     1 |       ||     1
 Stab: Sleeping          |     1 |     4 |     2 ||     7
Armor: Scale mail        |    73 |    49 |    14 ||   136
Dodge: Dodged            |    55 |    60 |    17 ||   132
Block: Buckler           |    28 |    38 |     7 ||    73

Table legend: (Time is in decaauts)
 A = Elapsed time spent in this place.
 B = Non-inter-level travel time spent in this place.
 C = Inter-level travel time spent in this place.
 D = Time resting spent in this place.
 E = Time spent auto-exploring this place.
 F = Levels seen in this place.
 G = Mean time per level.
                   A        B        C        D        E       F      G
               +--------+--------+--------+--------+--------+-----+--------+
         Total |   4361 |   4230 |    131 |    265 |   3184 |   6 |  726.8 |
       Dungeon |   4315 |   4194 |    121 |    265 |   3163 |   5 |  863.0 |
        Temple |     45 |     35 |     10 |      0 |     21 |   1 |   45.0 |
               +--------+--------+--------+--------+--------+-----+--------+

Top non-repeatable levels by time:
     D:2: 1178 daAuts
     D:3: 1178 daAuts
     D:1: 982 daAuts
     D:4: 752 daAuts
     D:5: 223 daAuts
  Temple: 45 daAuts
